 Dungeon Crawl Stone Soup version 0.30-a0-170-g85af917532 (webtiles) character file.

Game seed: 11418425271031628783

39 qw the Chopper (level 3, -6/23 HPs)
             Began as a Gargoyle Fighter on Oct 1, 2022.
             Mangled by an iguana (9 damage)
             ... on level 2 of the Dungeon.
             The game lasted 00:00:24 (962 turns).

qw the Chopper (Gargoyle Fighter)                    Turns: 962, Time: 00:00:25

Health: -6/23      AC: 10    Str: 21    XL:     3   Next: 47%
Magic:  3/3        EV:  9    Int:  8    God:
Gold:   30         SH:  4    Dex:  9    Spells: 2/2 levels left

rFire   . . .      SeeInvis .    Y - +0 war axe
rCold   . . .      Faith    .    c - +0 buckler
rNeg    + . .      Spirit   .    b - +0 scale mail
rPois   inf        Reflect  .    (no helmet)
rElec   +          Harm     .    (no cloak)
rCorr   .          Rampage  .    (no gloves)
Will    .....                    (no boots)
Stlth   ..........               (no amulet)
HPRegen 0.07/turn                (no ring)
MPRegen 0.08/turn                (no ring)

@: no status effects
A: sickness immunity, AC +3, negative energy resistance 1, electricity
resistance, torment resistance 1, petrification resistance
a: no special abilities


You were on level 2 of the Dungeon.
You visited 1 branch of the dungeon, and saw 2 of its levels.

You collected 30 gold pieces.


Innate Abilities, Weirdness & Mutations

You are immune to sickness and miasma.
Your stone body is resilient. (AC +3)
You are immune to poison.
You resist negative energy. (rN+)
You are resistant to electric shocks. (rElec)
You are resistant to unholy torment.
You are immune to petrification.


   Skills:
 - Level 3.2 Fighting
 + Level 3.4 Axes
 - Level 3.2 Armour
 - Level 3.2 Shields


You had 2 spell levels left.
You didn't know any spells.
Your spell library was empty.

Inventory:

Hand Weapons
 h - a +0 club
 Y - a +0 war axe (weapon)
Armour
 b - a +0 scale mail (worn)
 c - a +0 buckler (worn)
Scrolls
 a - a scroll of identify
Potions
 d - 2 potions of might
 f - a potion of curing
 i - a potion of cancellation {unknown}

Dungeon Overview and Level Annotations

Branches:
Dungeon (2/15)

Altars:


Message History

Where to? (* - list waypoints, Enter - D:2, ? - help)
What level of the Dungeon? (default 1, ? - help)
You climb downwards.
There is a stone staircase leading up here.
There is a stone staircase leading down here.
An iguana comes into view.
The iguana hisses angrily.
You hear an angry hiss.
A ball python comes into view.
You hit the iguana but do no damage. You hit the ball python.
The ball python bites you but does no damage.
The ball python grabs you. The ball python constricts you.
The iguana bites you.
You barely miss the ball python.
The ball python is severely wounded.
You hit the iguana.
The ball python bites you but does no damage.
The ball python constricts you.
The iguana bites you but does no damage.
The ball python barely misses you. The ball python constricts you.
The iguana bites you but does no damage.
You slash the ball python!
You kill the ball python!
You hit the iguana. The iguana barely misses you.
You hit the iguana.
The iguana is moderately wounded.
The iguana bites you!
You barely miss the iguana.
The iguana is moderately wounded.
You block the iguana's attack. The iguana bites you!
You barely miss the iguana.
The iguana is moderately wounded.
You block the iguana's attack.
A giant cockroach comes into view.
You closely miss the iguana.
The iguana is moderately wounded.
The iguana bites you but does no damage.
You closely miss the iguana.
The iguana is moderately wounded.
The iguana bites you!
You die...

.... ##.#..
.....# #......
##..#....
#<.......
.######>#......
...........#...
.......@.......
..#...#l.#.#...
#............
..............
.###...$.#.###.
...B....#
###...#...
#...#....


You could see an iguana and a giant cockroach.

Vanquished Creatures
  An adder (D:1)
  2 dart slugs (D:1)
  A ball python (D:2)
  3 endoplasms (D:1)
  A giant cockroach (D:1)
  2 goblins (D:1)
  3 hobgoblins (D:1)
  3 kobolds (D:1)
  A quokka (D:1)
  5 bats
  A frilled lizard (D:1)
  2 rats (D:1)
25 creatures vanquished.

Notes
Turn   | Place    | Note
-------+----------+-------------------------------------------
     0 | D:1      | qw the Gargoyle Fighter began the quest for the Orb.
     0 | D:1      | Reached XP level 1. HP: 14/14 MP: 1/1
     0 | D:1      | 0 ||| qw: Version: 0.2-a-13-gfc7b4b4
     0 | D:1      | 0 ||| qw: Game counter: 1728
     0 | D:1      | 0 ||| qw: Always use a shield: true
     0 | D:1      | 0 ||| qw: God list: Okawaru
     0 | D:1      | 0 ||| qw: Allow faded altars: false
     0 | D:1      | 0 ||| qw: Do Orc after D:15 true
     0 | D:1      | 0 ||| qw: Do second Lair branch before Depths: true
     0 | D:1      | 0 ||| qw: Lair rune preference: random
     0 | D:1      | 0 ||| qw: Plans: Normal, Zot:1-4, God:TSO, Crypt, Tomb,
                  | Pan, Slime:5, Hells, Abyss, Orb
     0 | D:1      | 0 ||| PLANNING D:1-11
    73 | D:1      | 73 ||| Stepping ~*~*~tactically~*~*~ (hiding).
   336 | D:1      | Reached XP level 2. HP: 19/19 MP: 2/2
   584 | D:1      | Reached skill level 3 in Axes
   658 | D:1      | Reached XP level 3. HP: 23/23 MP: 3/3
   894 | D:1      | 894 ||| READING 3 scrolls labelled YDELOJ NOTE.
   895 | D:1      | 895 ||| READING scroll labelled HYCOYG SOYNNA.
   896 | D:1      | 896 ||| READING 2 scrolls of identify.
   896 | D:1      | 896 ||| IDENTIFYING silvery potion
   920 | D:2      | 920 ||| STAIRDANCE
   926 | D:2      | 926 ||| STAIRDANCE
   959 | D:2      | HP: 3/23 [iguana (7)]
   962 | D:2      | Mangled by an iguana

Levels and vault maps discovered:
D:1:      heliophobic_arrival_henge, layout_basic
D:2:      layout_rooms, basic_altar

Skill      XL: |  1  2 |
---------------+-------+-----
Axes           | 2 3 |  3.4
Fighting       | |  3.2
Armour         | |  3.2
Shields        | |  3.2

Action                   || total
-------------------------++-------
Melee: War axe           ||    82
  Use: Scroll            ||     3
Armor: Scale mail        ||    47
Dodge: Dodged            ||    38
Block: Buckler           ||    23

Table legend:
 A = Non-vault XP
 B = Vault XP
 C = Vault XP percentage of total XP
 D = Non-vault monster count
 E = Vault monster count
 F = Vault count percentage of total count
                 A         B        C        D         E       F
            +---------+---------+-------+---------+---------+-------
      Total |      57 |       0 |   0.0 |      25 |       0 |   0.0
            +---------+---------+-------+---------+---------+-------
        D:1 |      54 |       0 |   0.0 |      23 |       0 |   0.0
        D:2 |       3 |       0 |   0.0 |       2 |       0 |   0.0
            +---------+---------+-------+---------+---------+-------
